 Dungeon Crawl Stone Soup version 0.20.1-1-g8b1a95d (webtiles) character file.

2268 riteheju the Covert (level 9, -1/45 HPs)
             Began as a Spriggan Assassin on Oct 24, 2017.
             Was an Initiate of Dithmenos.
             Slain by a killer bee (10 damage)
             ... on level 6 of the Dungeon.
             The game lasted 01:28:32 (14354 turns).

riteheju the Covert (Spriggan Assassin)            Turns: 14354, Time: 01:28:33

Health: -1/45      AC:  3    Str:  9 (12) XL:     9   Next: 16%
Magic:  19/19      EV: 20    Int: 11 (13) God:    Dithmenos [......]
Gold:   299        SH:  0    Dex: 19 (20) Spells: 8/8 levels left

rFire    + . .     SeeInvis +   T - +0 dagger (freeze)
rCold    . . .     Gourm    +   (shield restricted)
rNeg     . . .     Faith    .   c - +0 robe
rPois    .         Spirit   .   (helmet restricted)
rElec    .         Reflect  .   d - +0 cloak
rCorr    .         Harm     .   (gloves unavailable)
MR       +....                  (boots unavailable)
Stlth    +++++.....             h - amulet of the gourmand
Regen    0.2/turn               y - ring of protection from fire
MPRegen  0.2/turn               D - ring of magical power

@: mighty, very slightly contaminated, drained, very quick
A: unfitting armour, see invisible, herbivore 3, speed 3, slow metabolism 2
a: Renounce Religion


You were on level 6 of the Dungeon.
You worshipped Dithmenos.
Dithmenos was noncommittal.
You were not hungry.

You visited 2 branches of the dungeon, and saw 8 of its levels.
You also visited: Sewer.

You collected 299 gold pieces.

Inventory:

Hand Weapons
 a - a +2 dagger
 b - a +0 blowgun
 n - a +0 club
 r - a +0 scythe
 C - a cursed -3 flail
 R - a +0 hunting sling
 T - a +0 dagger of freezing (weapon)
Missiles
 e - 38 poisoned needles
 m - 116 arrows
 S - 57 sling bullets
Armour
 c - a +0 robe (worn)
 d - a +0 cloak (worn)
 s - a +0 cloak
 A - a +1 pair of gloves
Jewellery
 h - an amulet of the gourmand (around neck)
 y - a ring of protection from fire (left hand)
 D - a ring of magical power (right hand)
Wands
 K - a wand of polymorph (18/24)
 M - a wand of digging (10/24)
 P - a wand of flame (28/48)
 Q - a wand of acid (8/15)
Scrolls
 f - a scroll of vulnerability {unknown}
 l - 2 scrolls of fog {unknown}
 p - 3 scrolls of random uselessness
 q - 3 scrolls of identify
 t - a scroll of enchant armour {unknown}
 u - 2 scrolls of amnesia {unknown}
 w - 2 scrolls of remove curse
 x - a scroll of magic mapping {unknown}
 F - 2 scrolls of recharging {unknown}
 H - a scroll of enchant weapon {unknown}
 I - 2 scrolls of fear {unknown}
 N - a scroll of teleportation {unknown}
Potions
 i - a potion of haste
 k - a potion of flight {unknown}
 v - a potion of agility {unknown}
 z - 2 potions of might
 B - a potion of degeneration
 E - a potion of brilliance {unknown}
 G - a potion of heal wounds {unknown}
 O - a potion of cancellation {unknown}
Comestibles
 g - 4 bread rations
 o - 11 fruits
 J - 3 royal jellies


   Skills:
 + Level 3.9(3.0) Fighting
 * Level 8.9(7.8) Short Blades
 + Level 3.8(2.8) Throwing
 + Level 5.5(4.5) Dodging
 + Level 11.4(10.3) Stealth


You had 8 spell levels left.
You didn't know any spells.

Dungeon Overview and Level Annotations

Branches:
Dungeon (7/15)             Temple (1/1) D:5

Altars:
Ashenzari
Cheibriados
Dithmenos
Elyvilon
Fedhas
Gozag
Hepliaklqana
Kikubaaqudgha
Makhleb
Nemelex Xobeh
Okawaru
Qazlal
Ru
Sif Muna
Trog
Vehumet
Xom
Yredelemnul
Zin
The Shining One
Lugonu


Innate Abilities, Weirdness & Mutations

You are very small and have problems with some larger weapons.
You are too small for most types of armour.
You have supernaturally acute eyesight. (SInv)
You are a herbivore.
You cover ground extremely quickly.
You need consume almost no food.


Message History

There is an open door here.
The killer bee stings you but does no damage.
The killer bee stings you.
* * * LOW HITPOINT WARNING * * *
There is an open door, spattered with blood here.
There is a stone staircase leading up, spattered with blood here.
You can't go down here!
You climb upwards.
There is a stone staircase leading down here.
You hit the killer bee. You freeze the killer bee.
The killer bee is heavily wounded.
The killer bee closely misses you.
You miss the killer bee.
The killer bee is heavily wounded.
The killer bee stings you.
* * * LOW HITPOINT WARNING * * *
You hit the killer bee. You freeze the killer bee.
The killer bee is almost dead.
The killer bee stings you!
You die...

## _# ## _# ##### ##
#...# # #...#
############ ##
#...####..........#
.######.................#
##.............y@.......#
.######...........#######
### ##..........# ..#
#..........# ###
#..........# #..........#
#..........# #..........#
###.########


You could see a killer bee.

Vanquished Creatures
  Joseph (D:7)
  Grinder (D:6)
  A hippogriff (D:7)
  Sigmund (D:2)
  A black bear (D:6)
  2 sky beasts
  A phantom (D:4)
  3 ogres
  A centaur (D:5)
  A water moccasin skeleton (D:7)
  A howler monkey (D:5)
  A jelly (D:7)
  A bullfrog skeleton (D:5)
  An orc priest (D:3)
  2 hounds (D:5)
  An orc wizard (D:7)
  2 iguanas
  3 worker ants
  A killer bee zombie (D:5)
  8 gnolls
  17 adders
  A shadow imp (D:6)
  An ooze (D:1)
  2 adder skeletons (D:5)
  4 worms
  2 dart slugs (D:3)
  6 leopard geckos
  12 orcs
  6 ball pythons
  10 giant cockroaches
  8 goblins
  4 hobgoblins
  7 jackals
  8 kobolds
  5 bats
  8 frilled lizards
  A leopard gecko skeleton (D:4)
  A leopard gecko zombie (D:7)
  A quokka skeleton (D:5)
  9 rats
  2 demonic plants (Temple)
149 creatures vanquished.

Vanquished Creatures (others)
  A centaur zombie (D:5)
  An iguana (D:5)
2 creatures vanquished.

Grand Total: 151 creatures vanquished

Notes
Turn   | Place    | Note
-------+----------+-------------------------------------------
     0 | D:1      | riteheju the Spriggan Assassin began the quest for the Orb.
     0 | D:1      | Reached XP level 1. HP: 10/10 MP: 2/2
    19 | D:1      | Reached skill level 6 in Stealth
   250 | D:1      | Reached XP level 2. HP: 14/14 MP: 3/3
  1217 | D:2      | Reached XP level 3. HP: 18/18 MP: 4/4
  1299 | D:2      | Reached skill level 7 in Stealth
  1562 | D:2      | Noticed Sigmund
  1569 | D:2      | Killed Sigmund
  1569 | D:2      | Reached skill level 8 in Stealth
  1569 | D:2      | Reached XP level 4. HP: 23/23 MP: 5/5
  1569 | D:2      | Reached XP level 5. HP: 26/26 MP: 6/6
  1978 | D:2      | Reached XP level 6. HP: 16/30 MP: 7/7
  4285 | D:3      | Reached skill level 9 in Stealth
  5151 | D:3      | Reached skill level 5 in Short Blades
  5703 | D:4      | Reached XP level 7. HP: 35/35 MP: 8/8
  5960 | D:4      | Found a glowing drain.
  5964 | Sewer    | Entered a sewer
  6605 | D:5      | Entered Level 5 of the Dungeon
  7584 | D:5      | Reached skill level 10 in Stealth
  7715 | D:5      | Found a stormy altar of Qazlal.
  9602 | D:5      | Reached XP level 8. HP: 40/40 MP: 9/9
 10403 | D:5      | Found a snail-covered altar of Cheibriados.
 10795 | D:5      | Found a staircase to the Ecumenical Temple.
 10805 | Temple   | Entered the Ecumenical Temple
 11348 | D:6      | Noticed Grinder
 11418 | D:6      | Killed Grinder
 11656 | D:6      | Reached skill level 5 in Dodging
 11777 | D:6      | Found a radiant altar of Vehumet.
 11786 | D:6      | Found an iron altar of Okawaru.
 11788 | D:6      | Found a shattered altar of Ashenzari.
 11788 | D:6      | Found an ancient bone altar of Kikubaaqudgha.
 11788 | D:6      | Found a burning altar of Makhleb.
 11788 | D:6      | Found a bloodstained altar of Trog.
 11795 | D:6      | Found a white marble altar of Elyvilon.
 11802 | D:6      | Found a shadowy altar of Dithmenos.
 11807 | D:6      | Found a glowing silver altar of Zin.
 11816 | D:6      | Became a worshipper of Dithmenos the Shadowed
 12616 | D:7      | Noticed a hippogriff
 12751 | D:7      | Noticed Joseph
 12757 | D:7      | Killed Joseph
 12757 | D:7      | Reached skill level 11 in Stealth
 12853 | D:7      | Reached XP level 9. HP: 45/45 MP: 10/10
 13128 | D:7      | Found a sacrificial altar of Ru.
 13136 | D:7      | Found a basalt altar of Yredelemnul.
 13143 | D:7      | Found a sparkling altar of Nemelex Xobeh.
 14354 | D:6      | Slain by a killer bee

Skill      XL: |  1  2  3  4  5  6  7  8 |
---------------+-------------------------+-----
Stealth        | 6 8 9 10 11 | 11.4
Short Blades   | 4 5 7 8 |  8.9
Dodging        | 2 3 4 5 |  5.5
Fighting       | 2 3 |  3.9
Throwing       | 3 |  3.8

Action                   |  1- 3 |  4- 6 |  7- 9 || total
-------------------------+-------+-------+-------++-------
Melee: Dagger            |   129 |   259 |   765 ||  1153
 Fire: Blowgun           |       |       |    45 ||    45
  Use: Scroll            |       |     5 |     1 ||     6
       Potion            |       |       |     4 ||     4
 Stab: Sleeping          |     8 |    16 |    23 ||    47
       Distracted        |     1 |     2 |     5 ||     8
  Eat: Bread ration      |       |     1 |     1 ||     2
Armor: Robe              |    12 |    12 |    15 ||    39
Dodge: Dodged            |    79 |   124 |   292 ||   495
